 Dungeon Crawl Stone Soup version 0.28.0-47-ge53b351184 (webtiles) character file.

Game seed: 17008489076060620875

35 CryoSword the Sneak (level 3, 0/18 HPs)
             Began as a Vine Stalker Brigand on May 7, 2022.
             Slain by an adder (2 damage)
             ... on level 2 of the Dungeon.
             The game lasted 00:01:22 (1434 turns).

CryoSword the Sneak (Vine Stalker Brigand)          Turns: 1434, Time: 00:01:23

Health: 0/18       AC:  3    Str: 15    XL:     3   Next: 33%
Magic:  0/4        EV: 11    Int: 11    God:
Gold:   69         SH:  0    Dex: 15    Spells: 2/2 levels left

rFire   . . .      SeeInvis .   a - +2 dagger
rCold   . . .      Faith    .   (no shield)
rNeg    . . .      Spirit   +   b - +0 robe
rPois   .          Reflect  .   (no helmet)
rElec   .          Harm     .   c - +0 cloak
rCorr   .          Rampage  .   (no gloves)
Will    .....                   (no boots)
Stlth   +++.......              (no amulet)
HPRegen 0.06/turn               (no ring)
MPRegen 0.09/turn               (no ring)

@: lethally poisoned (0 -> -2)
A: fangs 2, magic shield, antimagic bite, no potion heal 2
a: no special abilities


You were on level 2 of the Dungeon.
You visited 1 branch of the dungeon, and saw 2 of its levels.

You collected 69 gold pieces.

Inventory:

Hand Weapons
 a - a +2 dagger (weapon)
Missiles
 d - 7 poisoned darts (quivered)
 e - 2 curare-tipped darts
Armour
 b - a +0 robe (worn)
 c - a +0 cloak (worn)
 i - a +1 hat
   (You found it on level 1 of the Dungeon)
Scrolls
 f - 2 scrolls of blinking {unknown}
 g - a scroll of enchant armour {unknown}
 h - a scroll of fog {unknown}


   Skills:
 - Level 1.7 Fighting
 - Level 1.7(2.4) Short Blades
 + Level 2.6(2.9) Long Blades
 - Level 1.7 Throwing
 - Level 0.7 Dodging
 - Level 4.8 Stealth


You had 2 spell levels left.
You didn't know any spells.
Your spell library was empty.

Dungeon Overview and Level Annotations

Branches:
Dungeon (2/15)

Altars:


Innate Abilities, Weirdness & Mutations

You have extremely sharp teeth.
When hurt, damage is shared between your health and your magic reserves.
Your bite disrupts and absorbs the magic of your enemies.
Potions cannot restore your health.


Message History

You barely miss the rat. You bite the rat, but do no damage.
The rat misses you.
You hit the rat.
You kill the rat!
An endoplasm comes into view.
The jackal bites you. The jackal misses you.
You barely miss the jackal. The jackal barely misses you.
You closely miss the jackal.
The endoplasm quivers.
Your bite misses the jackal. The jackal bites you.
You closely miss the jackal. The jackal completely misses you.
The endoplasm jiggles.
You hit the jackal. Your bite misses the jackal. The jackal closely misses you.
The jackal barely misses you.
You hit the jackal. You bite the jackal.
You kill the jackal!
You have reached level 3!
Your experience leads to an increase in your attributes!
Increase (S)trength, (I)ntelligence, or (D)exterity?
You feel stronger. x2
You see here a jackal corpse.
The endoplasm freezes you.
You are frozen.
You hit the endoplasm. You bite the endoplasm.
You kill the endoplasm!
No target in view!
i - a +1 hat
Found a stone staircase leading down.
You now have 69 gold pieces (gained 15).
There is a stone staircase leading down here.
There is a faded altar of an unknown god here.
Key pressed, stopping explore.
A rat comes into view.
A rat is nearby!
A rat is nearby!
The helpless rat fails to defend itself.
You impale the rat!!
You kill the rat!
No target in view!
A ball python comes into view.
You see here a rat corpse.
A ball python is nearby!
A ball python is nearby!
The helpless ball python fails to defend itself.
You impale the ball python!!
You kill the ball python!
No target in view!
A ball python comes into view.
A ball python is nearby!
A ball python is nearby!
A ball python is nearby!
The helpless ball python fails to defend itself.
You impale the ball python!!
You kill the ball python!
No target in view!
No target in view!
You see here a ball python corpse.
A ball python comes into view.
The ball python hisses angrily.
The ball python bites you but does no damage.
The ball python grabs you. The ball python constricts you.
You hit the ball python. You bite the ball python.
You kill the ball python!
No target in view!
No target in view!
You see here a ball python corpse.
Done exploring.
Done exploring.
Done exploring.
There is a stone staircase leading down here.
You climb downwards.
Found 9 gold pieces and a book of Winter.
There is a stone staircase leading up here.
A worm is nearby!
A worm is nearby!
A kobold comes into view. It is wielding a +0 dagger.
The helpless worm fails to defend itself.
You impale the worm!!
You kill the worm!
A ball python comes into view.
You see here a worm corpse.
The ball python hisses angrily.
Found a cyan potion.
The kobold shouts!
You hear an angry hiss.
The ball python bites you but does no damage.
The ball python grabs you. The ball python constricts you.
You hit the ball python. Your bite misses the ball python.
The ball python bites you. The ball python constricts you.
You barely miss the ball python. The ball python bites you.
The ball python constricts you.
You hit the ball python. The kobold hits you but does no damage.
The ball python bites you but does no damage.
The ball python constricts you.
You barely miss the ball python. Your bite misses the ball python.
The kobold hits you but does no damage.
The ball python bites you but does no damage.
The ball python constricts you.
You closely miss the ball python. The kobold closely misses you.
The ball python closely misses you. The ball python constricts you.
You hit the ball python.
You kill the ball python!
The kobold hits you but does no damage.
You closely miss the kobold. The kobold hits you with a +0 dagger.
You closely miss the kobold. You bite the kobold. You drain its power.
You feel invigorated.
You hit the kobold.
You kill the kobold!
No target in view!
No target in view!
A frilled lizard comes into view.
A frilled lizard is nearby!
A frilled lizard is nearby!
A frilled lizard is nearby!
The frilled lizard hisses angrily.
You hit the frilled lizard.
You kill the frilled lizard!
No target in view!
No target in view!
Found a stone staircase leading down.
A worm comes into view.
A worm is nearby!
A worm is nearby!
A worm is nearby!
You see here a cyan potion.
An adder comes into view.
A dart slug comes into view.
The worm barely misses you.
You hit the worm. Your bite misses the worm. You hit the worm.
The adder barely misses you. The worm bites you.
You hit the worm. The adder bites you but does no damage. The worm bites you!
* * * LOW HITPOINT WARNING * * *
You are too injured to fight recklessly!
Unknown command.
The adder bites you.
* * * LOW HITPOINT WARNING * * *
You are lethally poisoned!
The adder poisons you!
* * * LOW HITPOINT WARNING * * *
You feel sick.
You aren't carrying any potions.
You hit the adder. Your bite misses the adder.
* * * LOW HITPOINT WARNING * * *
You feel sick. The adder bites you but does no damage.
You miss the adder. The adder barely misses you.
You hit the adder but do no damage.
* * * LOW HITPOINT WARNING * * *
You feel sick. The adder bites you but does no damage. The adder bites you.
You die...

.. ... w... #....
#######..... #.@Sw.......
#.....##..#..... ...####
#........ . ### #
###...##... .. ..##
##.....### #
:..###..#######...#.......
...#............!.........
..#................>......
...............###........


You could see a worm and an adder.

Vanquished Creatures
  A worm (D:2)
  8 ball pythons
  2 endoplasms (D:1)
  A giant cockroach (D:1)
  3 goblins (D:1)
  A hobgoblin (D:1)
  2 jackals (D:1)
  A quokka (D:1)
  3 bats (D:1)
  2 frilled lizards
  2 kobolds
  4 rats (D:1)
30 creatures vanquished.

Notes
Turn   | Place    | Note
-------+----------+-------------------------------------------
     0 | D:1      | CryoSword the Vine Stalker Brigand began the quest for the
                  | Orb.
     0 | D:1      | Reached XP level 1. HP: 11/11 MP: 2/2
    66 | D:1      | Reached skill level 1 in Long Blades
   419 | D:1      | Reached XP level 2. HP: 15/15 MP: 3/3
   470 | D:1      | Found a faded altar of an unknown god.
  1046 | D:1      | Reached XP level 3. HP: 17/18 MP: 2/4
  1434 | D:2      | Slain by an adder

Illustrated notes

Levels and vault maps discovered:
D:1:      amcnicky_arrival_double_pillar, layout_rooms, basic_ecumenical_altar,
          feat_on_display
D:2:      layout_rooms

Skill      XL: |  1  2 |
---------------+-------+-----
Long Blades    | 1 2 |  2.6
Fighting       | |  1.7
Short Blades   | |  1.7
Throwing       | |  1.7
Dodging        | |  0.7
Stealth        | |  4.8

Action                   || total
-------------------------++-------
Melee: Dagger            ||    76
       Bite              ||    13
       Punch             ||     1
Throw: Dart              ||     6
 Stab: Sleeping          ||     6
Armor: Robe              ||    18
Dodge: Dodged            ||    36
